 Dungeon Crawl Stone Soup version 0.27-a0-836-gfc908b8576 (webtiles) character file.

Game seed: 7310211928592918470

44 polve the Ruffian (level 3, -4/29 HPs)
             Began as a Draconian Transmuter on Apr 1, 2021.
             Slain by Terence
             ... wielding a +0 mace
              (6 damage)
             ... on level 2 of the Dungeon.
             The game lasted 00:01:17 (1559 turns).

polve the Ruffian (Draconian Transmuter)            Turns: 1559, Time: 00:01:18

Health: -4/29      AC:  5    Str: 12    XL:     3   Next: 41%
Magic:  6/6        EV: 12    Int: 14    God:
Gold:   73         SH:  0    Dex: 11    Spells: 5/6 levels left

rFire    . . .     SeeInvis .     - Unarmed
rCold    . . .     Faith    .   (no shield)
rNeg     . . .     Spirit   .   (armour unavailable)
rPois    .         Reflect  .   (helmet currently unavailable)
rElec    .         Harm     .   (no cloak)
rCorr    .         Rampage  .   (no gloves)
Will     .....                  (boots currently unavailable)
Stlth    +.........             (no amulet)
HPRegen  0.09/turn              (no ring)
MPRegen  0.10/turn              (no ring)

@: appendages (expiring)
A: horns 2, talons 2, AC +5, unfitting armour, cold-blooded
a: End Transformation


You were on level 2 of the Dungeon.
You had temporarily grown beastly horns and talons.
You visited 1 branch of the dungeon, and saw 2 of its levels.

You collected 73 gold pieces.

Inventory:

Scrolls
 a - a scroll of enchant weapon {unknown}
 b - 2 scrolls of fog {unknown}
 c - a scroll of amnesia {unknown}
 d - a scroll of magic mapping {unknown}
 e - a scroll of immolation {unknown}
 f - a scroll of teleportation {unknown}


   Skills:
 + Level 2.2 Fighting
 - Level 1.7 Dodging
 * Level 4.1 Unarmed Combat
 - Level 2.0 Spellcasting
 - Level 2.0 Transmutations


You had 5 spell levels left.
You knew the following spells:

 Your Spells              Type           Power      Damage    Failure   Level
a - Beastly Appendage     Tmut           14%        N/A       11%         1

Your spell library contained the following spells:

 Spells                   Type           Power      Damage    Failure   Level
 Wereblood                Tmut           7%         N/A       16%         2
 Spider Form              Tmut/Pois      2%         N/A       43%         3
 Ice Form                 Ice/Tmut       4%         N/A       83%         4
 Hydra Form               Tmut           3%         N/A       96%         5


Dungeon Overview and Level Annotations

Branches:
Dungeon (2/15)

Altars:

Annotations:
D:2 Terence


Innate Abilities, Weirdness & Mutations

You have temporarily grown beastly horns and talons.
Your plain brown scales are hard. (AC +5)
You cannot fit into any form of body armour.
You are cold-blooded and may be slowed by cold attacks.


Message History

Terence misses you.
You barely miss Terence. You tail-slap Terence.
Terence is moderately wounded.
Terence hits you with a +0 mace.
You hit Terence.
You tail-slap Terence, but do no damage.
Terence is heavily wounded.
Terence hits you but does no damage.
You hit Terence.
Terence is severely wounded.
Terence hits you with a +0 mace.
You barely miss Terence.
Terence is severely wounded.
Terence barely misses you.
You closely miss Terence. You headbutt Terence.
Terence is severely wounded.
Terence hits you with a +0 mace.
You hit Terence.
Terence is almost dead.
Your transformation is almost over.
Terence hits you with a +0 mace!
You barely miss Terence. Your kick misses Terence.
Terence is almost dead.
Terence hits you but does no damage.
You hit Terence but do no damage. You claw Terence, but do no damage.
Terence is almost dead.
Terence says, "Don't bother to defend, it's pointless."
Terence hits you with a +0 mace!
You hit Terence but do no damage. You claw Terence, but do no damage.
Your headbutt misses Terence.
You tail-slap Terence, but do no damage.
Terence is severely wounded.
You completely miss Terence. Your headbutt misses Terence.
Terence is severely wounded.
Terence hits you with a +0 mace!
* * * LOW HITPOINT WARNING * * *
You hit Terence. Your headbutt misses Terence.
Terence is almost dead.
Terence hits you with a +0 mace.
You die...

#####.# #.....# #.###.#
#.# #.# ####### #.# #.#
#.....# #.# #.# #.....#
##.# #.# #.....# ...# #.#
#@?...# #### #.# #@....#
.#####.#########.....###
.#...................#..
.....#.#########.#####.#
..# #....#.........#.# #.#
... .....#########.#.# #.#
..# .....#
#.#.#####.####.####.
.#+###
#######.#.#...#...........
.(
...........>......##...###


You could see Terence.

Vanquished Creatures
  A gnoll (D:2)
  An adder (D:2)
  4 endoplasms (D:1)
  2 giant cockroaches (D:1)
  A goblin (D:1)
  3 hobgoblins (D:1)
  4 quokkas (D:1)
  2 frilled lizards
  4 kobolds (D:1)
  A rat (D:1)
23 creatures vanquished.

Vanquished Creatures (others)
  5 toadstools (D:1)
5 creatures vanquished.

Grand Total: 28 creatures vanquished

Notes
Turn   | Place    | Note
-------+----------+-------------------------------------------
     0 | D:1      | polve the Draconian Transmuter began the quest for the Orb.
     0 | D:1      | Reached XP level 1. HP: 16/16 MP: 3/3
   208 | D:1      | Reached XP level 2. HP: 20/23 MP: 3/5
   960 | D:2      | Reached XP level 3. HP: 25/29 MP: 4/6
  1199 | D:2      | Reached skill level 4 in Unarmed Combat
  1544 | D:2      | Noticed Terence
  1559 | D:2      | Slain by Terence

Illustrated notes

Levels and vault maps discovered:
D:1:      ldierk_walled_garden, layout_basic
D:2:      layout_basic, serial_shops, shop, uniq_terence, uniq_robin

Skill      XL: |  1  2  3 |
---------------+----------+-----
Fighting       | 2 |  2.2
Unarmed Combat | 4 |  4.1
Dodging        | |  1.7
Spellcasting   | |  2.0
Transmutations | |  2.0

Action                   || total
-------------------------++-------
Melee: Unarmed           ||    97
       Kick              ||    18
       Headbutt          ||     6
       Tailslap          ||    11
 Cast: Beastly Appendage ||    15
Armor: Skin              ||    19
Dodge: Dodged            ||    47

Table legend: (Time is in decaauts)
 A = Elapsed time spent in this place.
 B = Non-inter-level travel time spent in this place.
 C = Inter-level travel time spent in this place.
 D = Time resting spent in this place.
 E = Time spent auto-exploring this place.
 F = Levels seen in this place.
 G = Mean time per level.
                   A        B        C        D        E       F      G
               +--------+--------+--------+--------+--------+-----+--------+
         Total |   1557 |   1475 |     82 |      0 |   1238 |   2 |  778.5 |
       Dungeon |   1557 |   1475 |     82 |      0 |   1238 |   2 |  778.5 |
               +--------+--------+--------+--------+--------+-----+--------+

Top non-repeatable levels by time:
     D:1: 1203 daAuts
     D:2: 354 daAuts
